AoeStats
← 小白

Black Forest

509840998Analyzed
4v4 RM · 4d ago on Sep 28, 2026· 36m 14s· 8 players
Game mode
Random Map
Map size
Large (8 player)
Population
200
Speed
Normal
Resources
Standard
Victory
Conquest
Starting age
Dark Age
Ending age
Imperial Age
RankedLock teamsTeams togetherTeam positionsShared explorationLock speedFull tech treeHidden civsTurbo modeCheats
Victory
Defeat
🇹🇼 Bohemians · Taiwan
1954
+8
🇹🇼 Persians · Taiwan
1915
+9
🇹🇼 Saxons · Taiwan
1877
+11
🇹🇼 Portuguese · Taiwan
1875
+11
🇹🇷 Malay · Türkiye
1872
-13
🇯🇵 Japanese · Japan
1815
-12
🇨🇿 Hindustanis · Czechia
1690
-7
1673
-7
[LuB]夢夢
0:43 Loom
9:15 Feudal Age
11:17 Double-Bit Axe
12:03 Horse Collar
18:13 Castle Age
17:27 Town Watch
19:26 Bow Saw
22:57 Wheelbarrow
22:51 Fervor
22:56 Fervor
28:50 Imperial Age
27:44 Chemistry
27:44 Hand Cart
27:40 Padded Archer Armor
28:58 Houfnice
30:03 Capped Ram
30:52 Siege Engineers
31:01 Fletching
31:21 Wagenburg Tactics
31:43 Conscription
32:58 Two-Man Saw
36:44 Coinage
GKT_Cloud
0:43 Loom
12:00 Feudal Age
12:34 Town Watch
12:48 Double-Bit Axe
16:22 Castle Age
15:04 Gold Mining
17:30 Bow Saw
18:36 Atonement
23:32 Wheelbarrow
26:59 Imperial Age
24:31 Stone Mining
25:56 Sanctity
25:48 Redemption
27:58 Block Printing
28:10 Illumination
28:25 Theocracy
28:48 Horse Collar
30:08 Clerical Recruitment
33:40 Fletching
36:00 Guard Tower
小白
10:58 Feudal Age
11:29 Double-Bit Axe
11:28 Horse Collar
14:21 Castle Age
15:09 Bow Saw
15:38 Wheelbarrow
15:16 Heavy Plow
22:07 Stone Mining
24:00 Gold Mining
28:21 Imperial Age
26:44 Gold Shaft Mining
26:46 Stone Shaft Mining
26:30 Hand Cart
26:01 Loom
26:50 Scale Barding Armor
28:08 Gold Shaft Mining
28:15 Stone Shaft Mining
28:14 Chain Barding Armor
28:59 Guilds
29:21 Crop Rotation
29:52 Two-Man Saw
29:29 Plate Barding Armor
28:44 Elite War Elephant
29:48 Forging
30:08 Conscription
30:42 Bloodlines
30:32 Husbandry
31:17 Iron Casting
31:02 Caravan
31:40 Devotion
33:37 Blast Furnace
36:50 Coinage
[LuB]a61
10:15 Feudal Age
14:13 Castle Age
12:55 Double-Bit Axe
12:52 Horse Collar
15:53 Bow Saw
20:28 Wheelbarrow
21:45 Gold Mining
23:29 Hand Cart
24:06 Treadmill Crane
24:33 Stone Mining
25:31 Loom
25:49 Heavy Plow
28:35 Imperial Age
25:55 Loom
26:43 Masonry
27:49 Scale Mail Armor
27:37 Pikeman
28:37 Chain Mail Armor
30:23 Chemistry
29:48 Conscription
29:15 Elite Organ Gun
31:09 Arquebus
32:18 Stone Shaft Mining
33:11 Siege Engineers
36:05 Caravan
Honda
6:44 Loom
9:13 Feudal Age
8:49 Man-at-Arms
11:31 Double-Bit Axe
18:38 Castle Age
16:43 Horse Collar
17:04 Town Watch
22:25 Bow Saw
24:04 Wheelbarrow
28:52 Imperial Age
26:39 Crossbowman
27:28 Fletching
27:39 Padded Archer Armor
28:02 Thumb Ring
28:19 Ballistics
29:31 Chemistry
28:37 Heavy Plow
28:48 Treadmill Crane
29:27 Bodkin Arrow
30:44 Bracer
31:04 Arbalester
32:48 Leather Archer Armor
34:01 Conscription
33:41 Elite Skirmisher
Franczesco
10:36 Feudal Age
11:44 Double-Bit Axe
14:32 Castle Age
12:42 Gold Mining
13:46 Horse Collar
15:24 Bow Saw
15:14 Heavy Plow
17:19 Wheelbarrow
22:26 Hand Cart
23:18 Loom
23:21 Town Watch
24:37 Stone Mining
25:22 Gold Shaft Mining
25:18 Caravan
28:39 Imperial Age
27:59 Padded Archer Armor
29:09 Leather Archer Armor
30:24 Chemistry
30:29 Siege Elephant
31:45 Ring Archer Armor
31:19 Shatagni
31:21 Grand Trunk Road
31:42 Conscription
31:53 Siege Engineers
NeeNee
0:56 Loom
12:07 Feudal Age
16:00 Castle Age
13:47 Double-Bit Axe
14:22 Horse Collar
14:35 Stone Mining
17:16 Bow Saw
18:29 Wheelbarrow
25:24 Heavy Plow
25:16 Gold Mining
27:02 Town Watch
31:17 Imperial Age
28:46 Fletching
29:21 Ballistics
28:44 Pikeman
29:26 Scale Mail Armor
29:24 Bodkin Arrow
29:57 Masonry
30:29 Hand Cart
30:47 Squires
30:42 Guard Tower
31:52 Sanctity
31:26 Halberdier
32:50 Scale Mail Armor
32:38 Treadmill Crane
35:38 Keep
种田人口才是基本盘
0:33 Loom
10:31 Feudal Age
11:44 Double-Bit Axe
14:26 Castle Age
13:30 Horse Collar
15:34 Bow Saw
21:39 Wheelbarrow
21:39 Heavy Plow
22:28 Gold Mining
24:49 Stone Mining
28:15 Imperial Age
26:04 Scale Mail Armor
26:44 Hand Cart
26:58 Masonry
26:31 Treadmill Crane
27:02 Masonry
27:36 Caravan
27:55 Chain Mail Armor
27:24 Pikeman
28:21 Squires
28:33 Forging
28:30 Arson
28:44 Eagle Warrior
29:59 Plate Mail Armor
29:02 Onager
29:49 Town Watch
30:53 Architecture
29:46 Halberdier
31:24 Iron Casting
31:16 Conscription
31:21 Eagle Warrior
33:17 Blast Furnace
34:27 Elite Eagle Warrior
Connection lost

Rejoining the realm…

Still unreachable

The connection could not be restored.

Session expired

The server has moved on; the page needs a fresh start.